Predators vs RedWings

Created - April 22 2012 at 12:57

Goals
1 2 3 T
Predators 1 0 2 3
RedWings 1 1 3 5
Shots
1 2 3 T
Predators 15 4 11 30
RedWings 9 8 9 26

Period #1

1. Predators , Steven Stamkos 8 (Marian Gaborik, Brent Burns) at 5:46 (PP)
2. RedWings , Ray Whitney 1 (Alexandre Burrows, Joe Thornton) at 6:05 (PP)

Penalties :
Curtis Glencross (DET) for Holding (Minor) at 4:54, Max Pacioretty (NSH) for Roughing (Minor) at 6:01, Ray Whitney (DET) for Hooking (Minor) at 6:57, Keith Yandle (DET) for Hooking (Minor) at 12:08, Francis Bouillon (NSH) for Hooking (Minor) at 14:18, Max Pacioretty (NSH) for Holding (Minor) at 19:56

Period #2

3. RedWings , Joe Thornton 2 (Ryan Whitney, Ray Whitney) at 0:20 (PP)

Penalties :
Marian Gaborik (NSH) for Roughing (Minor) at 1:37, Max Pacioretty (NSH) for Roughing (Minor) at 15:26

Period #3

4. Predators , Tomas Kaberle 3 (Nicklas Backstrom) at 3:26 (PP)
5. RedWings , Pavel Kubina 1 (Eric Brewer, Marty Reasoner) at 6:41
6. RedWings , Keith Yandle 2 (Ryan Whitney, Alexandre Burrows) at 7:32 (PP)
7. Predators , Braydon Coburn 1 (Shea Weber, Steven Stamkos) at 9:06 (PP)
8. RedWings , Paul Martin 3 (Curtis Glencross, Ryan Whitney) at 19:51 (Empty Net)

Penalties :
Alexandre Burrows (DET) for Holding (Minor) at 2:12, Marty Reasoner (DET) for Interference (Minor) at 3:29, Brent Burns (NSH) for Hooking (Minor) at 7:02, Marty Reasoner (DET) for Roughing (Minor) at 7:56, Alexandre Burrows (DET) for Roughing (Minor) at 10:05, Nicklas Backstrom (NSH) for Tripping (Minor) at 10:56, Jeff Carter (NSH) for Interference (Minor) at 16:06

Goalie Stats

Dwayne Roloson (NSH), 5 saves from 5 shots - (1.000), 11:38 minutes
Pekka Rinne (NSH), 16 saves from 20 shots - (0.800), L, 4-1-0, 47:32 minutes
Roberto Luongo (DET), 27 saves from 30 shots - (0.900), W, 5-0-0, 60:00 minutes

Players Stats

Predators
Player Name              G  A  P  +/- PIM S  H  SB FO    MP 
------------------------------------------------------------
Braydon Coburn           1  0  1  -1  0   3  0  1  0/0   17 
Brent Burns              0  1  1  -1  2   1  2  1  0/0   22 
Chad LaRose              0  0  0   0  0   0  0  2  0/1   15 
Cody Franson             0  0  0   0  0   1  0  1  0/0   9  
Francis Bouillon         0  0  0   0  2   1  0  1  0/0   9  
Jeff Carter              0  0  0  -1  2   6  1  0  0/3   22 
Marian Gaborik           0  1  1  -1  2   2  1  0  1/1   19 
Max Pacioretty           0  0  0   0  6   0  0  0  0/0   13 
Mikhail Grabovski        0  0  0  -1  0   2  0  1  17/26 20 
Nicklas Backstrom        0  1  1  -1  2   3  1  0  11/33 21 
Patric Hornqvist         0  0  0   0  0   4  1  0  0/1   16 
Paul Gaustad             0  0  0   0  0   1  3  0  9/20  14 
Roman Polak              0  0  0   0  0   0  1  0  0/0   7  
Shea Weber               0  1  1   0  0   0  3  1  0/0   21 
Steven Stamkos           1  1  2  -1  0   5  4  2  3/6   23 
Tomas Kaberle            1  0  1  -1  0   1  0  2  0/0   18 
Wayne Simmonds           0  0  0  -1  0   0  0  0  0/0   7  
Zbynek Michalek          0  0  0  -1  0   0  1  2  0/0   18 
RedWings
Player Name              G  A  P  +/- PIM S  H  SB FO    MP 
------------------------------------------------------------
Adam Foote               0  0  0   0  0   0  0  0  0/0   1  
Alexandre Burrows        0  2  2   0  4   2  0  1  1/2   18 
Brian Campbell           0  0  0   0  0   1  1  1  0/0   18 
Curtis Glencross         0  1  1   1  2   7  1  0  2/5   23 
Eric Brewer              0  1  1   1  0   0  1  2  0/0   18 
Jamie Langenbrunner      0  0  0   0  0   0  0  0  0/0   5  
Joe Thornton             1  1  2   0  0   3  2  0  14/24 18 
Keith Yandle             1  0  1   0  2   2  4  2  0/0   23 
Marty Reasoner           0  1  1   1  4   0  1  1  11/18 16 
Nate Thompson            0  0  0   0  0   0  1  0  11/17 8  
Niclas Bergfors          0  0  0   1  0   2  1  0  0/2   13 
Nik Antropov             0  0  0   1  0   2  1  0  0/0   13 
Paul Martin              1  0  1   1  0   1  1  2  0/0   23 
Pavel Kubina             1  0  1   1  0   2  1  0  0/0   16 
Ray Whitney              1  1  2   0  2   1  1  0  1/2   16 
Ryan Whitney             0  3  3   1  0   2  0  1  0/0   21 
Sergei Kostitsyn         0  0  0   1  0   0  0  0  0/0   19 
Travis Zajac             0  0  0   1  0   1  1  0  10/21 19 

3 Stars

1 - Steven Stamkos (NSH)
2 - Ryan Whitney (DET)
3 - Joe Thornton (DET)

Power Play

Predators - 3 on 7 Attempt(s) - 42.86%
RedWings - 3 on 8 Attempt(s) - 37.50%

Penalty Kill

Predators - 5 on 8 Attempt(s) - 62.50% - Score 0 goal in Penalty Kill
RedWings - 4 on 7 Attempt(s) - 57.14% - Score 0 goal in Penalty Kill

Game Notes

Dwayne Roloson enters game at 7:32 of 3rd period
Paul Martin has scored in a empty net!

Finance

Level 1 -- Attendance: 6500 (100.00%) -- Ticket Income $520,000.00
Level 2 -- Attendance: 5000 (100.00%) -- Ticket Income $250,000.00
Level 3 -- Attendance: 3500 (100.00%) -- Ticket Income $105,000.00
Level 4 -- Attendance: 3198 (78.65%) -- Ticket Income $63,960.00
Luxury Box -- Attendance: 1000 (100.00%) -- Ticket Income $150,000.00
Game was played at the Joe Louis Arena
Total Attendance: 19198 (95.67%)
Total Ticket Income: $1,152,967.00
Other Income: $345,890.18
Total Income: $1,498,857.00


Play by Play

Period #1

0:01 of 1st period - Travis Zajac wins face-off versus Nicklas Backstrom in neutral zone.
0:28 of 1st period - Shot by Curtis Glencross.
0:28 of 1st period - Stopped by Pekka Rinne without a rebound.
0:29 of 1st period - Mikhail Grabovski wins face-off versus Joe Thornton in Predators zone.
1:43 of 1st period - Shot by Niclas Bergfors.
1:43 of 1st period - Stopped by Pekka Rinne without a rebound.
1:44 of 1st period - Travis Zajac wins face-off versus Paul Gaustad in Predators zone.
2:19 of 1st period - Shot by Francis Bouillon.
2:19 of 1st period - Shot Blocked by Ryan Whitney.
2:52 of 1st period - Shot by Nicklas Backstrom.
2:52 of 1st period - Shot Blocked by Eric Brewer.
2:54 of 1st period - Shot by Nicklas Backstrom.
2:54 of 1st period - Stopped by Roberto Luongo without a rebound.
2:55 of 1st period - Joe Thornton wins face-off versus Nicklas Backstrom in RedWings zone.
3:14 of 1st period - Shot by Patric Hornqvist.
3:14 of 1st period - Stopped by Roberto Luongo without a rebound.
3:15 of 1st period - Mikhail Grabovski wins face-off versus Marty Reasoner in RedWings zone.
3:18 of 1st period - Shot by Mikhail Grabovski.
3:18 of 1st period - Shot Misses the Net.
3:30 of 1st period - Zbynek Michalek is hit by Marty Reasoner and loses puck.
3:41 of 1st period - Shot by Nik Antropov.
3:41 of 1st period - Stopped by Pekka Rinne without a rebound.
3:42 of 1st period - Joe Thornton wins face-off versus Nicklas Backstrom in Predators zone.
3:43 of 1st period - Shot by Alexandre Burrows.
3:43 of 1st period - Shot Misses the Net.
3:45 of 1st period - Shot by Joe Thornton.
3:45 of 1st period - Stopped by Pekka Rinne without a rebound.
3:46 of 1st period - Travis Zajac wins face-off versus Nicklas Backstrom in Predators zone.
3:47 of 1st period - Shot by Curtis Glencross.
3:47 of 1st period - Stopped by Pekka Rinne without a rebound.
3:48 of 1st period - Nicklas Backstrom wins face-off versus Travis Zajac in Predators zone.
4:54 of 1st period - Minor Penalty to Curtis Glencross for Holding.
4:55 of 1st period - Mikhail Grabovski wins face-off versus Marty Reasoner in RedWings zone.
5:07 of 1st period - Icing by Mikhail Grabovski.
5:08 of 1st period - Marty Reasoner wins face-off versus Steven Stamkos in Predators zone.
5:22 of 1st period - Off-side.
5:23 of 1st period - Marty Reasoner wins face-off versus Nicklas Backstrom in neutral zone.
5:30 of 1st period - Shot by Alexandre Burrows.
5:30 of 1st period - Shot Misses the Net.
5:34 of 1st period - Shot by Keith Yandle.
5:34 of 1st period - Stopped by Pekka Rinne without a rebound.
5:35 of 1st period - Mikhail Grabovski wins face-off versus Nate Thompson in Predators zone.
5:46 of 1st period - Shot by Marian Gaborik.
5:46 of 1st period - Deflect By Steven Stamkos.
5:46 of 1st period - Goal by Steven Stamkos - Predators : 1 - RedWings : 0.
5:47 of 1st period - Nate Thompson wins face-off versus Paul Gaustad in neutral zone.
5:59 of 1st period - Chad LaRose is hit by Brian Campbell and loses puck.
6:01 of 1st period - Minor Penalty to Max Pacioretty for Roughing.
6:02 of 1st period - Joe Thornton wins face-off versus Nicklas Backstrom in Predators zone.
6:05 of 1st period - Shot by Ray Whitney.
6:05 of 1st period - Goal by Ray Whitney - Predators : 1 - RedWings : 1.
6:06 of 1st period - Steven Stamkos wins face-off versus Marty Reasoner in neutral zone.
6:13 of 1st period - Shot by Steven Stamkos.
6:13 of 1st period - Shot Misses the Net.
6:15 of 1st period - Shot by Braydon Coburn.
6:15 of 1st period - Stopped by Roberto Luongo with a rebound.
6:17 of 1st period - Shot by Steven Stamkos.
6:17 of 1st period - Stopped by Roberto Luongo without a rebound.
6:18 of 1st period - Nicklas Backstrom wins face-off versus Travis Zajac in RedWings zone.
6:50 of 1st period - Shot by Travis Zajac.
6:50 of 1st period - Shot Misses the Net.
6:52 of 1st period - Shot by Curtis Glencross.
6:52 of 1st period - Stopped by Pekka Rinne without a rebound.
6:53 of 1st period - Marian Gaborik wins face-off versus Joe Thornton in Predators zone.
6:57 of 1st period - Minor Penalty to Ray Whitney for Hooking.
6:58 of 1st period - Alexandre Burrows wins face-off versus Mikhail Grabovski in RedWings zone.
7:00 of 1st period - Keith Yandle is hit by Steven Stamkos and loses puck.
7:05 of 1st period - Keith Yandle is hit by Steven Stamkos and loses puck.
7:14 of 1st period - Shot by Marian Gaborik.
7:14 of 1st period - Stopped by Roberto Luongo with a rebound.
7:22 of 1st period - Shot by Marian Gaborik.
7:22 of 1st period - Shot Blocked by Marty Reasoner.
7:26 of 1st period - Shot by Mikhail Grabovski.
7:26 of 1st period - Stopped by Roberto Luongo without a rebound.
7:27 of 1st period - Nate Thompson wins face-off versus Nicklas Backstrom in RedWings zone.
7:40 of 1st period - Shot by Brent Burns.
7:40 of 1st period - Shot Misses the Net.
7:44 of 1st period - Shot by Jeff Carter.
7:44 of 1st period - Stopped by Roberto Luongo with a rebound.
7:46 of 1st period - Shot by Nicklas Backstrom.
7:46 of 1st period - Stopped by Roberto Luongo without a rebound.
7:47 of 1st period - Mikhail Grabovski wins face-off versus Marty Reasoner in RedWings zone.
8:08 of 1st period - Mikhail Grabovski is hit by Nate Thompson and loses puck.
8:54 of 1st period - Shot by Patric Hornqvist.
8:54 of 1st period - Stopped by Roberto Luongo without a rebound.
8:55 of 1st period - Nicklas Backstrom wins face-off versus Curtis Glencross in RedWings zone.
8:58 of 1st period - Shot by Jeff Carter.
8:58 of 1st period - Stopped by Roberto Luongo without a rebound.
8:59 of 1st period - Paul Gaustad wins face-off versus Nate Thompson in RedWings zone.
9:02 of 1st period - Shot by Cody Franson.
9:02 of 1st period - Stopped by Roberto Luongo without a rebound.
9:03 of 1st period - Travis Zajac wins face-off versus Paul Gaustad in RedWings zone.
9:24 of 1st period - Shot by Curtis Glencross.
9:24 of 1st period - Stopped by Pekka Rinne without a rebound.
9:25 of 1st period - Mikhail Grabovski wins face-off versus Niclas Bergfors in Predators zone.
9:51 of 1st period - Shot by Marty Reasoner.
9:51 of 1st period - Deflect By Nik Antropov.
9:51 of 1st period - Shot Blocked by Zbynek Michalek.
10:16 of 1st period - Icing by Zbynek Michalek.
10:17 of 1st period - Mikhail Grabovski wins face-off versus Joe Thornton in Predators zone.
10:17 of 1st period - Mikhail Grabovski is hit by Joe Thornton.
11:16 of 1st period - Keith Yandle is hit by Shea Weber and loses puck.
11:30 of 1st period - Icing by Keith Yandle.
11:31 of 1st period - Joe Thornton wins face-off versus Paul Gaustad in RedWings zone.
11:31 of 1st period - Alexandre Burrows is hit by Paul Gaustad and loses puck.
11:51 of 1st period - Chad LaRose is hit by Keith Yandle and loses puck.
12:05 of 1st period - Shot by Francis Bouillon.
12:05 of 1st period - Stopped by Roberto Luongo with a rebound.
12:08 of 1st period - Minor Penalty to Keith Yandle for Hooking.
12:09 of 1st period - Nate Thompson wins face-off versus Nicklas Backstrom in RedWings zone.
12:25 of 1st period - Shot by Jeff Carter.
12:25 of 1st period - Stopped by Roberto Luongo with a rebound.
12:32 of 1st period - Icing by Jeff Carter.
12:33 of 1st period - Nate Thompson wins face-off versus Nicklas Backstrom in Predators zone.
12:49 of 1st period - Icing by Brent Burns.
12:50 of 1st period - Nate Thompson wins face-off versus Nicklas Backstrom in Predators zone.
13:25 of 1st period - Icing by Shea Weber.
13:26 of 1st period - Marty Reasoner wins face-off versus Mikhail Grabovski in Predators zone.
13:35 of 1st period - Shot by Marian Gaborik.
13:35 of 1st period - Stopped by Roberto Luongo with a rebound.
14:04 of 1st period - Eric Brewer is hit by Steven Stamkos and loses puck.
14:18 of 1st period - Minor Penalty to Francis Bouillon for Hooking.
14:19 of 1st period - Nicklas Backstrom wins face-off versus Travis Zajac in Predators zone.
14:19 of 1st period - Nicklas Backstrom is hit by Curtis Glencross.
15:13 of 1st period - Icing by Joe Thornton.
15:14 of 1st period - Joe Thornton wins face-off versus Nicklas Backstrom in RedWings zone.
16:10 of 1st period - Eric Brewer is hit by Paul Gaustad and loses puck.
16:49 of 1st period - Braydon Coburn is hit by Niclas Bergfors and loses puck.
16:54 of 1st period - Shot by Nik Antropov.
16:54 of 1st period - Shot Misses the Net.
17:05 of 1st period - Icing by Keith Yandle.
17:06 of 1st period - Nate Thompson wins face-off versus Nicklas Backstrom in RedWings zone.
17:08 of 1st period - Icing by Keith Yandle.
17:09 of 1st period - Nate Thompson wins face-off versus Nicklas Backstrom in RedWings zone.
17:33 of 1st period - Icing by Nate Thompson.
17:34 of 1st period - Paul Gaustad wins face-off versus Nate Thompson in RedWings zone.
19:40 of 1st period - Tomas Kaberle is hit by Nik Antropov.
19:43 of 1st period - Off-side.
19:44 of 1st period - Paul Gaustad wins face-off versus Travis Zajac in neutral zone.
19:56 of 1st period - Minor Penalty to Max Pacioretty for Holding.
19:57 of 1st period - Joe Thornton wins face-off versus Paul Gaustad in Predators zone.

Period #2

0:01 of 2nd period - Paul Gaustad wins face-off versus Joe Thornton in neutral zone.
0:20 of 2nd period - Shot by Joe Thornton.
0:20 of 2nd period - Goal by Joe Thornton - Predators : 1 - RedWings : 2.
0:21 of 2nd period - Marty Reasoner wins face-off versus Steven Stamkos in neutral zone.
0:34 of 2nd period - Shot by Steven Stamkos.
0:34 of 2nd period - Stopped by Roberto Luongo without a rebound.
0:35 of 2nd period - Nicklas Backstrom wins face-off versus Travis Zajac in RedWings zone.
0:38 of 2nd period - Shot by Jeff Carter.
0:38 of 2nd period - Shot Misses the Net.
1:04 of 2nd period - Shot by Nicklas Backstrom.
1:04 of 2nd period - Shot Blocked by Paul Martin.
1:16 of 2nd period - Shot by Curtis Glencross.
1:16 of 2nd period - Stopped by Pekka Rinne without a rebound.
1:17 of 2nd period - Joe Thornton wins face-off versus Mikhail Grabovski in Predators zone.
1:17 of 2nd period - Ray Whitney is hit by Brent Burns and loses puck.
1:37 of 2nd period - Minor Penalty to Marian Gaborik for Roughing.
1:38 of 2nd period - Joe Thornton wins face-off versus Paul Gaustad in Predators zone.
1:47 of 2nd period - Shot by Ryan Whitney.
1:47 of 2nd period - Deflect By Alexandre Burrows.
1:47 of 2nd period - Stopped by Pekka Rinne without a rebound.
1:48 of 2nd period - Curtis Glencross wins face-off versus Nicklas Backstrom in Predators zone.
2:20 of 2nd period - Curtis Glencross is hit by Brent Burns and loses puck.
3:56 of 2nd period - Shot by Pavel Kubina.
3:56 of 2nd period - Stopped by Pekka Rinne with a rebound.
3:58 of 2nd period - Shot by Pavel Kubina.
3:58 of 2nd period - Shot Misses the Net.
4:19 of 2nd period - Shot by Marty Reasoner.
4:19 of 2nd period - Shot Blocked by Braydon Coburn.
5:09 of 2nd period - Shot by Jeff Carter.
5:09 of 2nd period - Shot Blocked by Alexandre Burrows.
5:11 of 2nd period - Shot by Tomas Kaberle.
5:11 of 2nd period - Shot Blocked by Brian Campbell.
5:13 of 2nd period - Shot by Jeff Carter.
5:13 of 2nd period - Stopped by Roberto Luongo without a rebound.
5:14 of 2nd period - Mikhail Grabovski wins face-off versus Travis Zajac in RedWings zone.
5:30 of 2nd period - Off-side.
5:31 of 2nd period - Marty Reasoner wins face-off versus Jeff Carter in neutral zone.
5:31 of 2nd period - Marty Reasoner is hit by Paul Gaustad.
5:39 of 2nd period - Shot by Niclas Bergfors.
5:39 of 2nd period - Shot Blocked by Cody Franson.
6:33 of 2nd period - Shot by Ryan Whitney.
6:33 of 2nd period - Stopped by Pekka Rinne without a rebound.
6:34 of 2nd period - Mikhail Grabovski wins face-off versus Nate Thompson in Predators zone.
7:28 of 2nd period - Shot by Curtis Glencross.
7:28 of 2nd period - Shot Blocked by Steven Stamkos.
7:34 of 2nd period - Shot by Sergei Kostitsyn.
7:34 of 2nd period - Shot Misses the Net.
10:08 of 2nd period - Max Pacioretty is hit by Keith Yandle and loses puck.
10:16 of 2nd period - Paul Gaustad is hit by Keith Yandle and loses puck.
10:24 of 2nd period - Max Pacioretty is hit by Keith Yandle and loses puck.
11:03 of 2nd period - Shot by Ryan Whitney.
11:03 of 2nd period - Shot Blocked by Francis Bouillon.
13:06 of 2nd period - Shot by Nicklas Backstrom.
13:06 of 2nd period - Shot Misses the Net.
13:08 of 2nd period - Shot by Zbynek Michalek.
13:08 of 2nd period - Shot Misses the Net.
13:10 of 2nd period - Shot by Nicklas Backstrom.
13:10 of 2nd period - Deflect By Steven Stamkos.
13:10 of 2nd period - Stopped by Roberto Luongo without a rebound.
13:11 of 2nd period - Joe Thornton wins face-off versus Patric Hornqvist in RedWings zone.
15:26 of 2nd period - Minor Penalty to Max Pacioretty for Roughing.
15:27 of 2nd period - Nicklas Backstrom wins face-off versus Joe Thornton in Predators zone.
15:27 of 2nd period - Nicklas Backstrom is hit by Joe Thornton.
16:08 of 2nd period - Shot by Sergei Kostitsyn.
16:08 of 2nd period - Shot Blocked by Chad LaRose.
16:10 of 2nd period - Shot by Curtis Glencross.
16:10 of 2nd period - Stopped by Pekka Rinne without a rebound.
16:11 of 2nd period - Paul Gaustad wins face-off versus Travis Zajac in Predators zone.
16:18 of 2nd period - Icing by Nik Antropov.
16:19 of 2nd period - Paul Gaustad wins face-off versus Curtis Glencross in RedWings zone.
16:23 of 2nd period - Icing by Paul Martin.
16:24 of 2nd period - Travis Zajac wins face-off versus Jeff Carter in RedWings zone.
16:33 of 2nd period - Shot by Brian Campbell.
16:33 of 2nd period - Shot Misses the Net.
16:35 of 2nd period - Shot by Brian Campbell.
16:35 of 2nd period - Shot Blocked by Steven Stamkos.
16:37 of 2nd period - Shot by Travis Zajac.
16:37 of 2nd period - Deflect By Nik Antropov.
16:37 of 2nd period - Shot Misses the Net.
17:08 of 2nd period - Off-side.
17:09 of 2nd period - Travis Zajac wins face-off versus Paul Gaustad in neutral zone.
17:12 of 2nd period - Shot by Brian Campbell.
17:12 of 2nd period - Shot Misses the Net.
17:14 of 2nd period - Shot by Nik Antropov.
17:14 of 2nd period - Stopped by Pekka Rinne without a rebound.
17:15 of 2nd period - Joe Thornton wins face-off versus Nicklas Backstrom in Predators zone.
17:24 of 2nd period - Shot by Joe Thornton.
17:24 of 2nd period - Shot Misses the Net.
17:28 of 2nd period - Shot by Alexandre Burrows.
17:28 of 2nd period - Stopped by Pekka Rinne without a rebound.
17:29 of 2nd period - Marty Reasoner wins face-off versus Steven Stamkos in Predators zone.
17:29 of 2nd period - Pavel Kubina is hit by Roman Polak and loses puck.
18:37 of 2nd period - Shot by Patric Hornqvist.
18:37 of 2nd period - Stopped by Roberto Luongo without a rebound.
18:38 of 2nd period - Mikhail Grabovski wins face-off versus Travis Zajac in RedWings zone.
19:29 of 2nd period - Ryan Whitney is hit by Jeff Carter and loses puck.
19:48 of 2nd period - Paul Gaustad is hit by Travis Zajac.
19:51 of 2nd period - Off-side.
19:52 of 2nd period - Nate Thompson wins face-off versus Nicklas Backstrom in neutral zone.
19:54 of 2nd period - Brian Campbell is hit by Shea Weber and loses puck.

Period #3

0:01 of 3rd period - Nicklas Backstrom wins face-off versus Travis Zajac in neutral zone.
0:41 of 3rd period - Shot by Sergei Kostitsyn.
0:41 of 3rd period - Deflect By Curtis Glencross.
0:41 of 3rd period - Shot Misses the Net.
1:22 of 3rd period - Travis Zajac is hit by Zbynek Michalek.
1:52 of 3rd period - Alexandre Burrows is hit by Marian Gaborik and loses puck.
2:12 of 3rd period - Minor Penalty to Alexandre Burrows for Holding.
2:13 of 3rd period - Marty Reasoner wins face-off versus Paul Gaustad in RedWings zone.
2:42 of 3rd period - Shot by Paul Gaustad.
2:42 of 3rd period - Stopped by Roberto Luongo without a rebound.
2:43 of 3rd period - Joe Thornton wins face-off versus Nicklas Backstrom in RedWings zone.
2:54 of 3rd period - Shot by Nicklas Backstrom.
2:54 of 3rd period - Stopped by Roberto Luongo without a rebound.
2:55 of 3rd period - Mikhail Grabovski wins face-off versus Joe Thornton in RedWings zone.
3:10 of 3rd period - Shot by Braydon Coburn.
3:10 of 3rd period - Shot Misses the Net.
3:12 of 3rd period - Shot by Mikhail Grabovski.
3:12 of 3rd period - Shot Misses the Net.
3:14 of 3rd period - Shot by Roman Polak.
3:14 of 3rd period - Shot Blocked by Keith Yandle.
3:16 of 3rd period - Shot by Mikhail Grabovski.
3:16 of 3rd period - Stopped by Roberto Luongo without a rebound.
3:17 of 3rd period - Nate Thompson wins face-off versus Nicklas Backstrom in RedWings zone.
3:26 of 3rd period - Shot by Tomas Kaberle.
3:26 of 3rd period - Goal by Tomas Kaberle - Predators : 2 - RedWings : 2.
3:27 of 3rd period - Marty Reasoner wins face-off versus Paul Gaustad in neutral zone.
3:29 of 3rd period - Minor Penalty to Marty Reasoner for Interference.
3:30 of 3rd period - Nate Thompson wins face-off versus Mikhail Grabovski in RedWings zone.
3:30 of 3rd period - Pavel Kubina is hit by Steven Stamkos and loses puck.
5:02 of 3rd period - Icing by Shea Weber.
5:03 of 3rd period - Mikhail Grabovski wins face-off versus Ray Whitney in Predators zone.
5:05 of 3rd period - Icing by Steven Stamkos.
5:06 of 3rd period - Ray Whitney wins face-off versus Mikhail Grabovski in Predators zone.
5:25 of 3rd period - Icing by Mikhail Grabovski.
5:26 of 3rd period - Mikhail Grabovski wins face-off versus Joe Thornton in Predators zone.
6:23 of 3rd period - Shot by Sergei Kostitsyn.
6:23 of 3rd period - Shot Misses the Net.
6:31 of 3rd period - Shot by Travis Zajac.
6:31 of 3rd period - Shot Misses the Net.
6:33 of 3rd period - Shot by Curtis Glencross.
6:33 of 3rd period - Deflect By Sergei Kostitsyn.
6:33 of 3rd period - Shot Blocked by Shea Weber.
6:35 of 3rd period - Shot by Ryan Whitney.
6:35 of 3rd period - Shot Blocked by Tomas Kaberle.
6:37 of 3rd period - Shot by Travis Zajac.
6:37 of 3rd period - Stopped by Pekka Rinne without a rebound.
6:38 of 3rd period - Marty Reasoner wins face-off versus Mikhail Grabovski in Predators zone.
6:39 of 3rd period - Shot by Eric Brewer.
6:39 of 3rd period - Shot Blocked by Zbynek Michalek.
6:41 of 3rd period - Shot by Pavel Kubina.
6:41 of 3rd period - Goal by Pavel Kubina - Predators : 2 - RedWings : 3.
6:42 of 3rd period - Steven Stamkos wins face-off versus Marty Reasoner in neutral zone.
6:50 of 3rd period - Icing by Eric Brewer.
6:51 of 3rd period - Marty Reasoner wins face-off versus Nicklas Backstrom in RedWings zone.
6:51 of 3rd period - Marty Reasoner is hit by Patric Hornqvist.
7:01 of 3rd period - Shot by Niclas Bergfors.
7:01 of 3rd period - Shot Misses the Net.
7:02 of 3rd period - Minor Penalty to Brent Burns for Hooking.
7:03 of 3rd period - Joe Thornton wins face-off versus Nicklas Backstrom in Predators zone.
7:28 of 3rd period - Shot by Alexandre Burrows.
7:28 of 3rd period - Shot Misses the Net.
7:30 of 3rd period - Shot by Ryan Whitney.
7:30 of 3rd period - Shot Blocked by Tomas Kaberle.
7:32 of 3rd period - Shot by Keith Yandle.
7:32 of 3rd period - Goal by Keith Yandle - Predators : 2 - RedWings : 4.
7:32 of 3rd period - Dwayne Roloson enters game.
7:33 of 3rd period - Steven Stamkos wins face-off versus Niclas Bergfors in neutral zone.
7:56 of 3rd period - Minor Penalty to Marty Reasoner for Roughing.
7:57 of 3rd period - Nicklas Backstrom wins face-off versus Nate Thompson in RedWings zone.
8:02 of 3rd period - Shot by Jeff Carter.
8:02 of 3rd period - Deflect By Patric Hornqvist.
8:02 of 3rd period - Stopped by Roberto Luongo without a rebound.
8:03 of 3rd period - Nate Thompson wins face-off versus Mikhail Grabovski in RedWings zone.
8:12 of 3rd period - Shot by Steven Stamkos.
8:12 of 3rd period - Shot Blocked by Eric Brewer.
8:24 of 3rd period - Shot by Braydon Coburn.
8:24 of 3rd period - Stopped by Roberto Luongo without a rebound.
8:25 of 3rd period - Nicklas Backstrom wins face-off versus Joe Thornton in RedWings zone.
8:28 of 3rd period - Shot by Jeff Carter.
8:28 of 3rd period - Shot Misses the Net.
8:52 of 3rd period - Icing by Jeff Carter.
8:53 of 3rd period - Nicklas Backstrom wins face-off versus Nate Thompson in Predators zone.
8:58 of 3rd period - Shot by Jeff Carter.
8:58 of 3rd period - Shot Blocked by Paul Martin.
9:00 of 3rd period - Shot by Brent Burns.
9:00 of 3rd period - Stopped by Roberto Luongo without a rebound.
9:01 of 3rd period - Mikhail Grabovski wins face-off versus Joe Thornton in RedWings zone.
9:02 of 3rd period - Shot by Steven Stamkos.
9:02 of 3rd period - Shot Misses the Net.
9:04 of 3rd period - Shot by Shea Weber.
9:04 of 3rd period - Shot Blocked by Keith Yandle.
9:06 of 3rd period - Shot by Braydon Coburn.
9:06 of 3rd period - Goal by Braydon Coburn - Predators : 3 - RedWings : 4.
9:07 of 3rd period - Travis Zajac wins face-off versus Chad LaRose in neutral zone.
10:04 of 3rd period - Francis Bouillon is hit by Ray Whitney and loses puck.
10:05 of 3rd period - Minor Penalty to Alexandre Burrows for Roughing.
10:06 of 3rd period - Mikhail Grabovski wins face-off versus Marty Reasoner in RedWings zone.
10:12 of 3rd period - Marian Gaborik is hit by Eric Brewer and loses puck.
10:56 of 3rd period - Minor Penalty to Nicklas Backstrom for Tripping.
10:57 of 3rd period - Mikhail Grabovski wins face-off versus Curtis Glencross in Predators zone.
10:59 of 3rd period - Icing by Steven Stamkos.
11:00 of 3rd period - Curtis Glencross wins face-off versus Mikhail Grabovski in Predators zone.
11:15 of 3rd period - Shot by Curtis Glencross.
11:15 of 3rd period - Shot Blocked by Mikhail Grabovski.
11:17 of 3rd period - Shot by Sergei Kostitsyn.
11:17 of 3rd period - Shot Misses the Net.
11:21 of 3rd period - Shot by Brian Campbell.
11:21 of 3rd period - Shot Misses the Net.
11:31 of 3rd period - Shot by Curtis Glencross.
11:31 of 3rd period - Shot Misses the Net.
11:33 of 3rd period - Shot by Curtis Glencross.
11:33 of 3rd period - Stopped by Dwayne Roloson with a rebound.
11:35 of 3rd period - Shot by Curtis Glencross.
11:35 of 3rd period - Shot Misses the Net.
11:44 of 3rd period - Icing by Shea Weber.
11:45 of 3rd period - Travis Zajac wins face-off versus Mikhail Grabovski in Predators zone.
11:50 of 3rd period - Shot by Joe Thornton.
11:50 of 3rd period - Stopped by Dwayne Roloson without a rebound.
11:51 of 3rd period - Travis Zajac wins face-off versus Jeff Carter in Predators zone.
13:06 of 3rd period - Shot by Niclas Bergfors.
13:06 of 3rd period - Stopped by Dwayne Roloson without a rebound.
13:07 of 3rd period - Paul Gaustad wins face-off versus Marty Reasoner in Predators zone.
13:09 of 3rd period - Icing by Francis Bouillon.
13:10 of 3rd period - Marty Reasoner wins face-off versus Paul Gaustad in Predators zone.
14:01 of 3rd period - Shot by Nicklas Backstrom.
14:01 of 3rd period - Shot Misses the Net.
14:05 of 3rd period - Shot by Tomas Kaberle.
14:05 of 3rd period - Shot Misses the Net.
14:09 of 3rd period - Shot by Jeff Carter.
14:09 of 3rd period - Stopped by Roberto Luongo without a rebound.
14:10 of 3rd period - Mikhail Grabovski wins face-off versus Joe Thornton in RedWings zone.
14:19 of 3rd period - Shot by Steven Stamkos.
14:19 of 3rd period - Stopped by Roberto Luongo with a rebound.
15:26 of 3rd period - Patric Hornqvist is hit by Paul Martin and loses puck.
15:54 of 3rd period - Pavel Kubina is hit by Shea Weber and loses puck.
16:02 of 3rd period - Tomas Kaberle is hit by Pavel Kubina and loses puck.
16:06 of 3rd period - Minor Penalty to Jeff Carter for Interference.
16:07 of 3rd period - Joe Thornton wins face-off versus Paul Gaustad in Predators zone.
16:10 of 3rd period - Shot by Ryan Whitney.
16:10 of 3rd period - Shot Blocked by Brent Burns.
16:12 of 3rd period - Shot by Ryan Whitney.
16:12 of 3rd period - Stopped by Dwayne Roloson without a rebound.
16:13 of 3rd period - Paul Gaustad wins face-off versus Alexandre Burrows in Predators zone.
16:32 of 3rd period - Shot by Brian Campbell.
16:32 of 3rd period - Stopped by Dwayne Roloson with a rebound.
16:34 of 3rd period - Shot by Brian Campbell.
16:34 of 3rd period - Shot Misses the Net.
16:38 of 3rd period - Shot by Brian Campbell.
16:38 of 3rd period - Shot Misses the Net.
16:40 of 3rd period - Shot by Joe Thornton.
16:40 of 3rd period - Shot Blocked by Chad LaRose.
18:04 of 3rd period - Icing by Alexandre Burrows.
18:05 of 3rd period - Joe Thornton wins face-off versus Nicklas Backstrom in RedWings zone.
19:01 of 3rd period - Predators, Dwayne Roloson is pulled from the net.
19:29 of 3rd period - Shot by Jeff Carter.
19:29 of 3rd period - Stopped by Roberto Luongo without a rebound.
19:30 of 3rd period - Travis Zajac wins face-off versus Nicklas Backstrom in RedWings zone.
19:30 of 3rd period - Travis Zajac is hit by Nicklas Backstrom.
19:33 of 3rd period - Icing by Ryan Whitney.
19:34 of 3rd period - Nicklas Backstrom wins face-off versus Travis Zajac in RedWings zone.
19:49 of 3rd period - Shot by Curtis Glencross.
19:49 of 3rd period - Shot Misses the Net.
19:51 of 3rd period - Shot by Paul Martin.
19:51 of 3rd period - Goal by Paul Martin - Predators : 3 - RedWings : 5.
19:51 of 3rd period - Dwayne Roloson from Predators was sent back in the game.
19:52 of 3rd period - Paul Gaustad wins face-off versus Travis Zajac in neutral zone.


Output by the SimonT Hockey Simulator (STHS) for Stephane Roy -- Original Page W3C XHTML 1.0 Valid